Unix NetHack Version 5.0.0-0 post-release - last build May 17 2026 04:57:42 (dc50c8380fa5e20985bfe3072449f57b8d9895ef,branch:main).

Game began 2026-05-21 21:45:32, ended 2026-05-21 21:54:25.

Brudee, neutral female human Tourist

   ------             ----------          ------------
   |....|             |{......[|         #...........|
   |....|            #-.........#      ###|...........#
   |.....#           #----------#      #  |..........|#
   ------#           #          #      #  |..........|#
         #           #          #   ####  |..........|#
         #           ##      ####   #     ------------#
        ##            ##     #----- #                 #
        #              #     #|.(.| #                 #
        #--------------#     #|...|##              ####
        #|.............#     #|*..|#               # ----
        #.....<......%|      #....-#               # .r>.
         |............|       -----                #|...|
         |............|                            #@h..|
         |............|                             -----
         --------------

Brudee the Sightseer        St:14 Dx:13 Co:12 In:13 Wi:9 Ch:15  Neutral S:499
Dlvl:4  $:837 HP:0(17) Pw:14(14) AC:0  Xp:3/75 T:1455  Burdened

Latest messages:
 This satiates your stomach!
 You finish eating the food ration.
 What do you want to adjust? [a-su-zBC or ?*] ?
 Adjust letter to what [ptAD-Z] (? see used letters)? a
 Swapping: a - a stethoscope.
 You fall down the stairs.
 Something is engraved here on the headstone.
 You read: "I'm not getting enough money, so I'm not going to engrave anything useful here."
 You fall down the stairs.
 You have a little trouble lifting E - a scroll labeled ETAOIN SHRDLU.
 You have a little trouble lifting $ - 13 gold pieces (830 in total).
 You hear someone cursing shoplifters.
 You have a little trouble lifting F - a yellow potion.
 You see here a candy bar.
 The door resists!
 The door opens.
 You see here a leather armor.
 A trap door in the ceiling opens and a rock falls on your head!
 Fortunately, you are wearing a hard helmet.
 You have a little trouble lifting $ - 7 gold pieces (837 in total).
 You see here a chest.
 Hmmm, the chest turns out to be locked.
 Unlock it with your credit card? [ynq] (q) y
 You succeed in picking the lock.
 You have a little trouble removing G - a checkered spellbook.
 H - a dark green potion.
 The door resists!
 The door opens.
 The giant rat bites!
 The giant rat bites!
 In what direction? k
 The dart hits the giant rat.
 The giant rat bites!
 In what direction? k
 You kill the giant rat!
 You have a little trouble lifting p - a +2 dart (at the ready) (13 in total).
 You find a hidden door.
 The door resists!
 In what direction? l
 The door opens.
 The hobbit thrusts his runed dagger.
 The hobbit hits!
 In what direction? l
 The dart hits the hobbit.
 The hobbit thrusts his runed dagger.
 The hobbit hits!
 The hobbit thrusts his runed dagger.
 The hobbit hits!
 You die...
 Do you want your possessions identified? [ynq] (y) q

Inventory:
 Coins    ('$')
  $ - 837 gold pieces
 Weapons  (')')
  p - 12 +2 darts (at the ready)
  B - a +0 mace
 Armor    ('[')
  C - a cursed rustproof +0 orcish helm (being worn)
  w - an uncursed +0 pair of high boots (being worn)
  j - an uncursed +0 Hawaiian shirt with a jellyfish motif (being worn)
  y - a blessed +2 elven mithril-coat (being worn)
 Comestibles  ('%')
  d - 3 uncursed cream pies
  c - 5 uncursed food rations
  m - a cursed food ration
  g - an uncursed fortune cookie
  f - 3 uncursed lembas wafers
  e - an uncursed tripe ration
  b - an uncursed tin of pureed jackal meat
  r - an uncursed egg
  z - an uncursed lichen corpse
 Scrolls  ('?')
  x - an uncursed scroll of confuse monster
  i - 4 uncursed scrolls of magic mapping
  E - a cursed scroll of teleportation
 Spellbooks  ('+')
  o - an uncursed spellbook of detect monsters
  n - an uncursed spellbook of healing
  G - an uncursed spellbook of healing
 Potions  ('!')
  F - an uncursed potion of blindness
  h - 2 uncursed potions of extra healing
  s - a blessed potion of healing
  H - an uncursed potion of healing
  v - an uncursed potion of paralysis
  u - an uncursed potion of speed
 Rings    ('=')
  q - a cursed ring of slow digestion
 Tools    ('(')
  l - an uncursed credit card
  k - an expensive camera (0:76)
  a - a cursed stethoscope

Brudee the Tourist's attributes:

Background:
 You were a Sightseer, a level 3 female human Tourist.
 You were neutral, nominally on a mission for The Lady
 who was opposed by Blind Io (lawful) and Offler (chaotic).
 You were right-handed.
 You were in the Dungeons of Doom, on level 4.
 You entered the dungeon 1455 turns ago.
 You had 75 experience points, 5 more were needed to attain level 4.
 Your score was 499 before end-of-game adjustments.

Basics:
 You had 0 out of 17 hit points.
 You had all 14 energy points (spell power).
 Your armor class was 0.
 Your wallet contained 837 zorkmids.
 Autopickup was on for '$!=+?/"' plus thrown.

Final Characteristics:
 Your strength was 14 (limit:18/100).
 Your dexterity was 13 (limit:18).
 Your constitution was 12 (limit:18).
 Your intelligence was 13 (limit:18).
 Your wisdom was 9 (limit:18).
 Your charisma was 15 (limit:18).

Final Status:
 You weren't hungry.
 You were burdened; movement was slightly slowed.
 You were bare handed.
 You were unskilled in bare handed combat.

Final Attributes:
 You were devoutly aligned.
 You were guarded.
 You are dead.

Miscellaneous:
 You didn't encounter any bones levels.
 Total elapsed playing time was 8 minutes and 52 seconds.

Major events:
 Turn
    1: Brudee the neutral female human Tourist entered the dungeon
  757: entered the Gnomish Mines
  819: attained the rank of Sightseer (level 3)
 1455: killed by a hobbit

You didn't know any spells.

Skills:
 Fighting Skills
   bare handed combat [Unskilled]
   two weapon combat  [Unskilled]
   riding             [Unskilled]
 Weapon Skills
   dagger             [Unskilled]
   knife              [Unskilled]
   axe                [Unskilled]
   pick-axe           [Unskilled]
   short sword        [Unskilled]
   broadsword         [Unskilled]
   long sword         [Unskilled]
   two-handed sword   [Unskilled]
   saber              [Unskilled]
   mace               [Unskilled]
   morning star       [Unskilled]
   flail              [Unskilled]
   hammer             [Unskilled]
   quarterstaff       [Unskilled]
   polearms           [Unskilled]
   spear              [Unskilled]
   trident            [Unskilled]
   lance              [Unskilled]
   bow                [Unskilled]
   sling              [Unskilled]
   crossbow           [Unskilled]
   dart               [Basic]
   shuriken           [Unskilled]
   boomerang          [Unskilled]
   whip               [Unskilled]
   unicorn horn       [Unskilled]
 Spellcasting Skills
   divination spells  [Unskilled]
   enchantment spells [Unskilled]
   escape spells      [Unskilled]

Voluntary challenges:
 Character rerolling was not enabled.
 You were an atheist.
 You never hit with a wielded weapon.
 You were illiterate.
 You never genocided any monsters.
 You never polymorphed an object.
 You never changed form.
 You used no wishes.
Achievements:
 You entered the Gnomish Mines.
 You attained the rank of Sightseer.

 The Dungeons of Doom: levels 1 to 4
    Level 1:
       A fountain.
    Level 2:
    Level 3:
       A fountain, a grave.
       Stairs down to The Gnomish Mines.
    Level 4: <- You were here.
       A fountain.
       Final resting place for
          you, killed by a hobbit.
 The Gnomish Mines:
    Level 4:


Vanquished creatures:
  a shrieker
  a little dog
 an iguana
  2 hobbits
  a giant rat
  a gnome
  a gecko
  3 jackals
  a goblin
  2 grid bugs
  a lichen
  4 newts
19 creatures vanquished.

No species were genocided or became extinct.

Game over:
                       ----------
                      /          \
                     /    REST    \
                    /      IN      \
                   /     PEACE      \
                  /                  \
                  |      Brudee      |
                  |      837 Au      |
                  |   killed by a    |
                  |      hobbit      |
                  |                  |
                  |                  |
                  |       2026       |
                 *|     *  *  *      | *
        _________)/\\_//(\/(/\)/\//\/|_)_______

Aloha Brudee the Tourist...

You died in The Dungeons of Doom on dungeon level 4 with 496 points,
and 837 pieces of gold, after 1455 moves.
You were level 3 with a maximum of 17 hit points when you died.

